 Dungeon Crawl Stone Soup version 0.23-a0-860-g8ff03fb (webtiles) character file.

249 tidbits the Charmwright (level 6, 50/50 HPs)
             Began as a Gnoll Skald on Jan 27, 2019.
             Quit the game in the Ecumenical Temple.
             The game lasted 00:07:44 (892 turns).

tidbits the Charmwright (Gnoll Skald)                Turns: 892, Time: 00:07:44

Health: 50/50      AC:  4    Str: 13    XL:     6   Next: 12%
Magic:  13/13      EV: 14    Int: 18    God:
Gold:   47         SH:  0    Dex: 14    Spells: 4/15 levels left

rFire    . . .     SeeInvis .   a - +0 spear
rCold    . . .     Gourm    .   (no shield)
rNeg     . . .     Faith    .   b - +0 leather armour
rPois    .         Spirit   .   (no helmet)
rElec    .         Reflect  .   (no cloak)
rCorr    .         Harm     .   (no gloves)
MR       .....                  F - +0 pair of boots
Stlth    ++........             (no amulet)
HPRegen  0.16/turn              (no ring)
MPRegen  0.13/turn              (no ring)

@: no status effects
A: distributed training, fangs 1, strong nose
a: no special abilities


You were in the Ecumenical Temple.
You were not hungry.

You visited 2 branches of the dungeon, and saw 6 of its levels.

You collected 47 gold pieces.

Inventory:

Hand Weapons
 a - a +0 spear (weapon)
Missiles
 e - 15 bolts
 m - 25 arrows
Armour
 b - a +0 leather armour (worn)
 k - a +2 scale mail of magic resistance
   (You found it on level 4 of the Dungeon)
 F - a +0 pair of boots (worn)
Scrolls
 f - a scroll of teleportation {unknown}
 h - a scroll of noise {!r}
Potions
 c - a potion of flight {unknown}
 i - 2 potions of curing {unknown}
 j - a potion of invisibility {unknown}
 l - a potion of brilliance
Comestibles
 d - 2 rations


   Skills:
 + Level 4.9 Fighting
 + Level 1.8 Short Blades
 + Level 1.8 Long Blades
 + Level 1.8 Axes
 + Level 1.8 Maces & Flails
 + Level 4.9 Polearms
 + Level 1.8 Staves
 + Level 1.8 Slings
 + Level 1.8 Bows
 + Level 1.8 Crossbows
 + Level 1.8 Throwing
 + Level 3.1 Armour
 + Level 4.9 Dodging
 + Level 1.8 Stealth
 + Level 1.8 Shields
 + Level 1.8 Unarmed Combat
 + Level 5.3 Spellcasting
 + Level 1.4 Conjurations
 + Level 1.4 Hexes
 + Level 5.6 Charms
 + Level 1.4 Summonings
 + Level 1.4 Necromancy
 + Level 1.4 Translocations
 + Level 1.4 Transmutations
 + Level 1.4 Fire Magic
 + Level 1.4 Ice Magic
 + Level 1.4 Air Magic
 + Level 1.4 Earth Magic
 + Level 1.4 Poison Magic
 + Level 2.0 Invocations
 + Level 1.8 Evocations


You had 4 spell levels left.
You knew the following spells:

 Your Spells              Type           Power        Failure   Level  Hunger
g - Shroud of Golubria    Chrm/Tloc      ###.......   6%          2    #......
i - Infusion              Chrm           ####         1%          1    None
r - Regeneration          Chrm/Necr      ###.......   12%         3    ##.....
w - Spectral Weapon       Hex/Chrm       ###.....     12%         3    ##.....
y - Song of Slaying       Chrm           ####....     2%          2    #......

Your spell library contained the following spells:

 Spells                   Type           Power        Failure   Level  Hunger


Dungeon Overview and Level Annotations

Branches:
Dungeon (5/15)             Temple (1/1) D:5

Altars:
Ashenzari
Elyvilon
Fedhas
Gozag
Hepliaklqana
Kikubaaqudgha
Okawaru
Qazlal
Ru
Sif Muna
Trog
Uskayaw
Vehumet
Wu Jian
Xom
Yredelemnul

Shops:
D:4 (


Innate Abilities, Weirdness & Mutations

Your experience applies equally to all skills.
You have very sharp teeth.
Your uncanny sense of smell can sniff out nearby items.


Message History

Unknown command.
Unknown command.
Magic restored.
There is a stone staircase leading down here.
You climb downwards.
There is a stone staircase leading up here.
Unknown command.
Casting: Spectral Weapon (safe; 12% risk of failure)
Confirm with . or Enter, or press ? or * to list all spells.
Your skin crawls.
Unknown command.
Your skin is crawling a little less now.
An orc comes into view. It is wielding a +0 club.
Unknown command.
Unknown command.
Unknown command.
The orc shouts!
Casting: Regeneration (safe; 12% risk of failure)
Confirm with . or Enter, or press ? or * to list all spells.
You draw out your weapon's spirit!
Your skin stops crawling.
Attack whom?
Press: ? - help, Dir - move target cursor, f - orc
Aim: an orc, wielding a +0 club You reach to attack!
You closely miss the orc.
Attack whom?
Press: ? - help, Dir - move target cursor, f/p - orc
Aim: an orc, wielding a +0 club You reach to attack!
You hit the orc.
The orc is moderately wounded.
Your spectral weapon misses the orc.
You hit the orc.
The orc is almost dead.
Your spectral weapon hits the orc.
You kill the orc!
There is an open door here.
Found a stone staircase leading down.
There is an open door here.
There is a stone staircase leading down here.
You climb downwards.
Your summoned ally is left behind.
Your spectral weapon fades away.
There is a stone staircase leading up here.
Unknown command.
Unknown command.
Unknown command.
Unknown command.
Found a staircase to the Ecumenical Temple.
You enter the shallow water.
Moving in this stuff is going to be slow.
Found a stone staircase leading up.
There is a staircase to the Ecumenical Temple here.
You climb downwards.
Welcome to the Ecumenical Temple!
There is a staircase back to the Dungeon here.
Unknown command.
Unknown command.
You open the door.
Found a white marble altar of Elyvilon.
There is an open door here.
Unknown command.
Unknown command.
You open the door.
Found a bloodstained altar of Trog.
There is an open door here.
Unknown command.
You open the door.
Found a sacrificial altar of Ru.
Found a shimmering altar of Xom.
There is an open door here.
You open the door.
There is an open door here.
Unknown command.
You open the door.
Found an ornate altar of the Wu Jian Council.
There is an open door here.
Found a hide-covered altar of Uskayaw.
Found a radiant altar of Vehumet.
Unknown command.
You open the door.
Found three altars.
Unknown command.
There is an open door here.
Unknown command.
There is an open door here.
You open the door.
Found a blossoming altar of Fedhas.
There is an open door here.
You open the door.
Found a shattered altar of Ashenzari.
Unknown command.
Found a deep blue altar of Sif Muna.
There is an open door here.
You open the door.
There is an open door here.
You open the door.
Found a basalt altar of Yredelemnul.
There is an open door here.
Found a hazy altar of Hepliaklqana.
Unknown command.
There is a white marble altar of Elyvilon here.
Are you sure you want to abandon this character and quit the game? (Confirm with "yes".)

...# ..#.#.P.#.P.. #.......#
...# ##. ##.##..## #.......#
..###.### ####.###......#
.##.....# ##.....##.....#
....._... #..._.........#
.##.....# ##.....##.....#
..###.#### ####.###......#
...# ##..##.##..####.......#
...# ..P.#.P.#.#@..#.......#
...##._.##...##._.##.......#
....#...#.._..#...#........#
....'## #...##.##.....#####
#.....####...####.....##...#
###......##.##......#'#....#
..##......#'#......##......#
...##.............##.......#
....#.............#....<...#


There were no monsters in sight!

Vanquished Creatures
  2 howler monkeys (D:4)
  A bullfrog skeleton (D:4)
  A centaur skeleton (D:3)
  3 worker ants
  2 adders
  3 worms
  2 leopard geckos
  An orc (D:4)
  A goblin (D:2)
  A hobgoblin (D:2)
  2 jackals (D:4)
  A kobold (D:1)
  5 bats
  2 rats (D:2)
27 creatures vanquished.

Notes
Turn   | Place    | Note
-------+----------+-------------------------------------------
     0 | D:1      | tidbits the Gnoll Skald began the quest for the Orb.
     0 | D:1      | Reached XP level 1. HP: 20/20 MP: 6/6
    68 | D:2      | Reached XP level 2. HP: 22/26 MP: 3/7
    72 | D:2      | Learned a level 2 spell: Song of Slaying
    75 | D:2      | Learned a level 2 spell: Shroud of Golubria
   221 | D:2      | Found a faded altar of an unknown god.
   243 | D:2      | Reached skill level 5 in Spellcasting
   243 | D:2      | Reached XP level 3. HP: 26/31 MP: 1/9
   248 | D:2      | Learned a level 3 spell: Regeneration
   252 | D:2      | Learned a level 3 spell: Spectral Weapon
   274 | D:2      | Found an opulent altar of Gozag.
   287 | D:3      | Reached skill level 1 in Invocations
   315 | D:2      | HP: 6/31 [poisoned by a worker ant]
   420 | D:3      | Reached skill level 1 in Short Blades
   420 | D:3      | Reached skill level 1 in Long Blades
   420 | D:3      | Reached skill level 1 in Axes
   420 | D:3      | Reached skill level 1 in Maces & Flails
   420 | D:3      | Reached skill level 1 in Staves
   420 | D:3      | Reached skill level 1 in Slings
   420 | D:3      | Reached skill level 1 in Bows
   420 | D:3      | Reached skill level 1 in Crossbows
   420 | D:3      | Reached skill level 1 in Throwing
   420 | D:3      | Reached skill level 1 in Stealth
   420 | D:3      | Reached skill level 1 in Shields
   420 | D:3      | Reached skill level 1 in Unarmed Combat
   420 | D:3      | Reached skill level 1 in Evocations
   420 | D:3      | Reached XP level 4. HP: 38/38 MP: 4/11
   501 | D:4      | Reached skill level 1 in Conjurations
   501 | D:4      | Reached skill level 1 in Hexes
   501 | D:4      | Reached skill level 1 in Summonings
   501 | D:4      | Reached skill level 1 in Necromancy
   501 | D:4      | Reached skill level 1 in Translocations
   501 | D:4      | Reached skill level 1 in Transmutations
   501 | D:4      | Reached skill level 1 in Fire Magic
   501 | D:4      | Reached skill level 1 in Ice Magic
   501 | D:4      | Reached skill level 1 in Air Magic
   501 | D:4      | Reached skill level 1 in Earth Magic
   501 | D:4      | Reached skill level 1 in Poison Magic
   501 | D:4      | Reached XP level 5. HP: 43/43 MP: 8/12
   550 | D:4      | Reached skill level 3 in Armour
   563 | D:4      | Found Domp's Antique Weapon Shop.
   640 | D:4      | Reached skill level 2 in Invocations
   640 | D:4      | Reached XP level 6. HP: 15/50 MP: 6/13
   753 | D:5      | Entered Level 5 of the Dungeon
   769 | D:5      | Found a staircase to the Ecumenical Temple.
   778 | Temple   | Entered the Ecumenical Temple
   892 | Temple   | Quit the game

Vault maps used:
D:1:      beargit_arrival_greenhouse, minmay_strange_pillars
D:2:      minitemple, nicolae_overflow_hidden_temple,
          chequers_ecumenical_altar_simple
D:3:      kb_forest_paths, first_ration
D:4:      serial_shops, shop
D:5:      minmay_temple_entry_water_ring, lemuel_old_faithful
Temple:   regret_index_temple_generic_petals

Skill      XL: |  1  2  3  4  5 |
---------------+----------------+-----
Spellcasting   | 5 |  5.3
Invocations    | 1 2 |  2.0
Short Blades   | 1 |  1.8
Long Blades    | 1 |  1.8
Axes           | 1 |  1.8
Maces & Flails | 1 |  1.8
Staves         | 1 |  1.8
Slings         | 1 |  1.8
Bows           | 1 |  1.8
Crossbows      | 1 |  1.8
Throwing       | 1 |  1.8
Stealth        | 1 |  1.8
Shields        | 1 |  1.8
Unarmed Combat | 1 |  1.8
Evocations     | 1 |  1.8
Conjurations   | 1 |  1.4
Hexes          | 1 |  1.4
Summonings     | 1 |  1.4
Necromancy     | 1 |  1.4
Translocations | 1 |  1.4
Transmutations | 1 |  1.4
Fire Magic     | 1 |  1.4
Ice Magic      | 1 |  1.4
Air Magic      | 1 |  1.4
Earth Magic    | 1 |  1.4
Poison Magic   | 1 |  1.4
Armour         | 3 |  3.1
Fighting       | |  4.9
Polearms       | |  4.9
Dodging        | |  4.9
Charms         | |  5.6

Action                   |  1- 3 |  4- 6 || total
-------------------------+-------+-------++-------
Melee: Spear             |    54 |    40 ||    94
       Bite              |     4 |       ||     4
 Cast: Infusion          |     5 |       ||     5
       Regeneration      |     2 |     2 ||     4
       Spectral Weapon   |     1 |     7 ||     8
       Shroud of Golubri |     1 |     1 ||     2
  Use: Scroll            |       |     2 ||     2
  Eat: Ration            |     1 |       ||     1
Armor: Leather armour    |     4 |     2 ||     6
Dodge: Dodged            |    20 |    18 ||    38

Table legend:
 A = Non-vault XP
 B = Vault XP
 C = Vault XP percentage of total XP
 D = Non-vault monster count
 E = Vault monster count
 F = Vault count percentage of total count
                 A         B        C        D         E       F
            +---------+---------+-------+---------+---------+-------
      Total |     349 |       8 |   2.2 |      25 |       2 |   7.4
            +---------+---------+-------+---------+---------+-------
        D:1 |       7 |       0 |   0.0 |       3 |       0 |   0.0
        D:2 |      31 |       0 |   0.0 |       9 |       0 |   0.0
        D:3 |      73 |       8 |   9.9 |       4 |       2 |  33.3
        D:4 |     238 |       0 |   0.0 |       9 |       0 |   0.0
            +---------+---------+-------+---------+---------+-------

Table legend:
 A = Turns spent in this place as a percentage of turns spent in the entire game.
 B = Non-inter-level travel turns spent in this place as a percentage of non-inter-level travel turns spent in the entire game.
 C = Inter-level travel turns spent in this place as a percentage of turns spent in this place.
 D = Turns resting spent in this place as a percentage of non-inter-level travel turns spent in this place.
 E = Turns spent auto-exploring this place as a percentage of non-inter-level travel turns spent in this place.
 F = Non-inter-level travel turns spent in this place divided by the number of levels of this place that you've seen.
                   A       B       C       D       E      F
               +-------+-------+-------+-------+-------+----------------------
         Total | 100.0 | 100.0 |   6.8 |   0.0 |   0.0 | 138.5
       Dungeon |  87.2 |  87.6 |   6.4 |   0.0 |   0.0 | 145.6
        Temple |  12.8 |  12.4 |   9.6 |   0.0 |   0.0 | 103.0
               +-------+-------+-------+-------+-------+----------------------

Table legend:
 A = Kills in this place as a percentage of kills in entire the game.
 B = Kills by you in this place as a percentage of kills by you in the entire game.
 C = Kills by friends in this place as a percentage of kills by friends in the entire game.
 D = Other kills in this place as a percentage of other kills in the entire game.
 E = Experience gained in this place as a percentage of experience gained in the entire game.
 F = Experience gained in this place divided by the number of levels of this place that you have seen.
                   A       B       C       D       E      F
               +-------+-------+-------+-------+-------+----------------------
         Total | 100.0 | 100.0 |   N/A |   N/A | 100.0 |  59.5
       Dungeon | 100.0 | 100.0 |   N/A |   N/A | 100.0 |  71.4
               +-------+-------+-------+-------+-------+----------------------

Vault maps used:
D:1:      beargit_arrival_greenhouse, minmay_strange_pillars
D:2:      minitemple, nicolae_overflow_hidden_temple,
          chequers_ecumenical_altar_simple
D:3:      kb_forest_paths, first_ration
D:4:      serial_shops, shop
D:5:      minmay_temple_entry_water_ring, lemuel_old_faithful
Temple:   regret_index_temple_generic_petals
